 Dungeon Crawl Stone Soup version 0.30.0-30-g96aa6591b8 (webtiles) character file.

Game seed: 5409858179537432148

156559 cdecastro the Brawler (level 17, -1/151 (170) HPs)
             Began as a Troll Fighter on June 27, 2023.
             Was the Champion of Ru.
             Killed from afar by a deep elf zephyrmancer (30 damage)
             ... with a bolt of lightning
             ... on level 1 of the Elven Halls on June 28, 2023.
             The game lasted 01:25:16 (24212 turns).

cdecastro the Brawler (Troll Fighter)              Turns: 24212, Time: 01:25:17

HP:   -1/151 (170)  AC: 33    Str: 28    XL:     17   Next: 10%
MP:   12/16         EV: 10    Int:  4    God:    Ru [******]
Gold: 651           SH: 15    Dex: 15    Spells: 16/16 levels left

rFire   + .          .
                       - Unarmed
rCold   + . .        b - +0 kite shield
rNeg    . . .        J - +8 gold dragon scales
rPois   +            W - +1 hat
rElec   .            k - +0 cloak
rCorr   .            (gloves unavailable)
SInv    .            (boots unavailable)
Will    +++..        V - amulet of reflection Stlth
                     M - ring "Woguen" {Will++ AC+4}
HPRegen 1.25/turn    C - +5 ring of evasion
MPRegen 0.15/turn

%: reflection
@: exhausted, studying Poison Magic, heavily drained
A: large, unfitting armour, claws 3, regeneration 1, shaggy fur 1, tough skin 1,
no stealth, inability to use devices, hated by all, no air magic, no
conjurations magic, no hexes magic, unskilled 1
a: Renounce Religion, Draw Out Power, Power Leap, Apocalypse


You were on level 1 of the Elven Halls.
You worshipped Ru.
Ru was exalted by your worship.
You visited 5 branches of the dungeon, and saw 24 of its levels.
You also visited: Sewer, Bailey, Gauntlet and Ice Cave.

You collected 2881 gold pieces.
You spent 2230 gold pieces at shops.

Inventory:

Missiles
 g - 4 silver javelins
 x - 40 boomerangs (quivered)
 G - 42 large rocks
 N - 2 javelins
 O - 3 curare-tipped darts
 U - 6 atropa-tipped darts
Armour
 b - a +0 kite shield (worn)
 k - a +0 cloak (worn)
 H - the +1 cloak "Raagh" {Contam MP+9 Int+2 Dex+7}
   (You bought it in a shop on level 2 of the Orcish Mines)

   Int:       It affects your intelligence (+2).
   Dex:       It affects your dexterity (+7).
   MP:        It affects your magic capacity (+9).
   Contam:    It causes magical contamination when unequipped.
 J - +8 gold dragon scales (worn)
 W - a +1 hat (worn)
Jewellery
 d - an amulet of regeneration
 n - a ring of protection from fire
 q - a ring of poison resistance
 t - a +4 ring of slaying
 v - the ring "Xygemeod" {rPois rN+ Will- Dex+4 Slay+2}
   (You found it on level 3 of the Lair of Beasts)

   [ring of poison resistance]

   Dex:       It affects your dexterity (+4).
   Slay:      It affects your accuracy & damage with ranged weapons and melee
   (+2).
   rPois:     It protects you from poison.
   rN:        It protects you from negative energy.
   Will:      It decreases your willpower.
 C - a +5 ring of evasion (right claw)
 E - a ring of willpower
 M - the ring "Woguen" (left claw) {Will++ AC+4}
   (You found it on level 5 of the Lair of Beasts)

   [ring of protection]

   AC:        It affects your AC (+4).
   Will:      It greatly increases your willpower.
 P - a ring of see invisible
 Q - a ring of ice
 V - an amulet of reflection (around neck)
Scrolls
 a - 2 scrolls of poison
 m - 8 scrolls of magic mapping
 p - 3 scrolls of immolation
 r - 8 scrolls of teleportation
 u - 6 scrolls of brand weapon
 w - 3 scrolls of blinking
 z - 5 scrolls of vulnerability
 A - 2 scrolls of silence
 D - 6 scrolls of enchant weapon
 F - a scroll of acquirement
 I - 7 scrolls of fog
 T - a scroll of torment
 Z - 3 scrolls of fear
Potions
 c - 6 potions of might
 e - 5 potions of cancellation
 f - 7 potions of curing
 h - 6 potions of haste
 i - 2 potions of attraction
 j - 2 potions of magic
 l - 4 potions of mutation
 o - 5 potions of ambrosia
 s - 4 potions of lignification
 B - a potion of invisibility
 K - a potion of flight
 L - 2 potions of brilliance
 S - 7 potions of heal wounds
 Y - 2 potions of resistance
Miscellaneous
 y - a phial of floods
 R - a phantom mirror
 X - a condenser vane


   Skills:
 - Level 11.1 Fighting
 - Level 11.3 Throwing
 - Level 10.0 Armour
 * Level 8.2 Dodging
 - Level 6.1 Shields
 + Level 15.8 Unarmed Combat


You had 16 spell levels left.
You didn't know any spells.
Your spell library contained the following spells:

 Spells                   Type           Power      Damage    Failure   Level
 Gell's Gravitas          Tloc           0%         N/A       100%        3
 Teleport Other           Tloc           0%         N/A       100%        3
 Volatile Blastmotes      Fire/Tloc      0%         2d10      100%        3
 Lee's Rapid Deconstruct  Erth           0%         3d4*      100%        5
 Dispersal                Tloc           0%         N/A       100%        6
 Ozocubu's Refrigeration  Ice            0%         4d7       100%        7
 Polar Vortex             Ice            0%         N/A       100%        9
 Fulminant Prism          Conj/Hex       Unusable   3d5       N/A         4
 Iskenderun's Mystic Bla  Conj/Tloc      Unusable   2d3       N/A         4
 Simulacrum               Ice/Necr       Unusable   N/A       N/A         6

Dungeon Overview and Level Annotations

Branches:
Dungeon (15/15)            Temple (1/1) D:5            Lair (5/5) D:8
  Swamp (0/4) Lair:3       Spider (0/4) Lair:3        Slime (0/5) Lair:5
    Orc (2/2) D:10            Elf (1/3) Orc:2        Vaults (0/5) D:14
  Sewer (visited)          Bailey (visited)           IceCv (visited)
Gauntlet (visited)
 Depths: D:15

Altars:
Ashenzari
Cheibriados
Dithmenos
Elyvilon
Gozag
Kikubaaqudgha
Makhleb
Nemelex Xobeh
Okawaru
Qazlal
Ru
Sif Muna
Trog
Uskayaw
Vehumet
Wu Jian
Xom
Zin
The Shining One

Shops:
D:1 [(?   D:8 (   D:9 :   Orc:2 =[[[

Annotations:
D:12 Rupert
D:15 Louise
Elf:1 1 runed translucent door


Innate Abilities, Weirdness & Mutations

You are too large for most types of armour.
You have claws for hands.
Your natural rate of healing is unusually fast.
You are covered in fur. (AC +1)
You have tough skin. (AC +1)
You cannot be stealthy.
You cannot study or use magical devices.
You are hated by all.
You cannot study or cast Air magic.
You cannot study or cast Conjurations magic.
You cannot study or cast Hexes magic.
You are somewhat unskilled. (-1 Apt)


Message History

Throw: 40 boomerangs
Press: ? - help, Q - select action, (/) - cycle Shift-Dir - straight line, f/p - deep elf zephyrmancer
Aim: a deep elf zephyrmancer, wielding a +0 short sword (lightly wounded, 61% to hit)
You throw a boomerang.
The boomerang hits the deep elf zephyrmancer!
The deep elf zephyrmancer is moderately wounded.
An earth elemental comes into view.
Unknown command.
Throw: 40 boomerangs
Press: ? - help, Q - select action, (/) - cycle Shift-Dir - straight line, f/p - deep elf zephyrmancer
Aim: a deep elf zephyrmancer, wielding a +0 short sword (moderately wounded, 61% to hit)
You throw a boomerang.
The boomerang misses the deep elf zephyrmancer.
The boomerang barely misses the deep elf zephyrmancer.
The deep elf zephyrmancer begins to cast a spell, but is stunned by your conviction!
The deep elf zephyrmancer mumbles some strange words.
The deep elf zephyrmancer blinks!
Unknown command.
You block the deep elf zephyrmancer's attack.
Items here: ))))))))) [[[ ††.
Unknown command.
You mangle the deep elf zephyrmancer!!
The deep elf zephyrmancer is almost dead.
The deep elf zephyrmancer begins to cast a spell, but is stunned by your conviction!
You scratch the deep elf zephyrmancer.
The deep elf zephyrmancer is almost dead.
The deep elf zephyrmancer begins to cast a spell, but is stunned by your conviction!
The deep elf zephyrmancer mumbles some strange words.
The deep elf zephyrmancer blinks!
Unknown command.
You eviscerate the deep elf zephyrmancer!!!
You kill the deep elf zephyrmancer!
The deep elf zephyrmancer points at you and mumbles some strange words.
The bolt of lightning hits you!!
* * * LOW HITPOINT WARNING * * *
Unknown command.
The earth elemental hits you but does no damage.
The deep elf zephyrmancer points at you and mumbles some strange words.
The bolt of lightning hits you!!
You die...

#.# .. .. ...# .####e### ..#
# ....... #.# .# ...°#
####.## #.# #E.######
..##..### ###..# ##§.e.....
#.##.#.e###..# ##.e[######
#.##.###..)######)#).#####
###.#........).)@E)###.....#
...........######.## ##.##.#
.##)#............## ##.#.#
#.#)#.####.######.# .##.#
##).#.# #.# #.# .# ...
#.###.# #.# #.#). #### .##
#.# #.# #.. ## #.# #.# #.# #
.#


You could see an earth elemental and a deep elf zephyrmancer.

Vanquished Creatures
  Jorgrun (D:12)
  A deep elf blademaster (Elf:1)
  Gastronok (Lair:2)
  Agnes (Elf:1)
  Kirke (Lair:4)
  A minotaur (Gauntlet)
  An ettin (Orc:1)
  A deep elf death mage (Elf:1)
  5 jiangshi (D:14)
  The ghost of croobank the Transmogrifier, a journeyman OpSu of Gozag (D:11)
  4 hydras
  3 ogre magi
  A centaur warrior (D:14)
  A catoblepas (Gauntlet)
  17 two-headed ogres
  A boulder beetle (D:13)
  A tengu warrior (D:13)
  A vampire mage (D:14)
  4 death yaks (Lair:5)
  An orc high priest (Elf:1)
  3 dancing weapons (Elf:1)
  Sonja (Lair:1)
  A skyshark (Lair:5)
  4 deep elf knights (Elf:1)
  3 skeletal warriors (D:11)
  Lodul (D:12)
  2 bog bodies (IceCv)
  6 deep elf archers (Elf:1)
  2 deep trolls (Orc:2)
  4 orc knights
  An oklob plant (Lair:5)
  10 deep elf pyromancers
  13 ugly things
  11 deep elf zephyrmancers (Elf:1)
  2 orc sorcerers
  11 elephants (Lair:5)
  2 manticores
  8 cyclopes
  9 black mambas
  2 ice statues
  5 gargoyles
  15 cane toads
  4 torpor snails
  3 rime drakes
  An unseen horror (D:12)
  Maggie (D:6)
  4 kobold demonologists
  5 komodo dragons
  9 trolls
  A tarantella (shapeshifter) (D:13)
  5 polar bears
  A dream sheep (Lair:5)
  9 hornets
  The ghost of Jakamomo the Shooter, an amateur OpHu of the Shining One (D:4)
  7 blink frogs (Lair:2)
  3 slime creatures (D:13)
  15 spriggans
  Sigmund (D:4)
  3 air elementals (Elf:1)
  A fire elemental (Elf:1)
  3 shadows
  A yak (shapeshifter) (Elf:1)
  A dire elephant simulacrum (IceCv)
  2 water elementals (Elf:1)
  A ynoxinul (Gauntlet)
  3 vampires
  2 wraiths
  43 yaks
  4 basilisks
  4 redbacks (Lair:3)
  3 steam dragons
  3 hogs (Lair:3)
  A human (Lair:4)
  8 wyverns
  5 vampire mosquitoes (D:11)
  A warg (shapeshifter) (Elf:1)
  2 harpy simulacra (IceCv)
  5 wargs
  2 death yak simulacra (IceCv)
  A hydra simulacrum (IceCv)
  14 water moccasins
  2 acid dragons (D:13)
  28 orc warriors
  An ice beast (D:6)
  A sky beast (D:6)
  4 black bears
  30 ogres
  7 boggarts
  3 centaurs (D:6)
  18 wolves
  2 phantoms (D:10)
  4 kobold brigands
  10 bullfrogs
  5 cane toad simulacra
  4 gnoll sergeants
  4 earth elementals (Elf:1)
  3 scorpions
  7 two-headed ogre simulacra (IceCv)
  8 wights
  2 troll zombies (D:10)
  An elephant simulacrum (IceCv)
  18 killer bees
  9 howler monkeys
  2 jellies
  4 iron imps (Gauntlet)
  4 hounds
  11 orc priests
  A sleepcap (D:5)
  Ijyb (D:5)
  Natasha (thrice) (D:3)
  4 iguanas
  23 orc wizards
  4 hell rats (Lair:3)
  6 polar bear simulacra
  5 spriggan simulacra (IceCv)
  5 troll simulacra (IceCv)
  2 wolf simulacra
  6 ogre zombies
  Robin (D:5)
  10 adders
  21 gnolls
  5 naga simulacra (IceCv)
  5 river rats (D:5)
  11 white imps
  5 ufetubi (IceCv)
  3 worms
  A dart slug (D:4)
  50 orcs
  7 endoplasms
  11 giant cockroaches
  13 goblins
  15 hobgoblins
  33 kobolds
  11 quokkas
  14 ball pythons
  3 bats
  13 frilled lizards
  A goblin skeleton (D:10)
  A goblin zombie (D:10)
  3 hobgoblin skeletons (D:10)
  5 hobgoblin zombies (D:10)
  2 orc skeletons (D:10)
  13 orc zombies (D:10)
  21 rats
877 creatures vanquished.

Vanquished Creatures (others)
  2 deep elf knights (Elf:1)
  A deep elf archer (Elf:1)
  A deep elf pyromancer (Elf:1)
  A slime creature (D:13)
  A warg (Orc:1)
  A water moccasin (Lair:2)
  A sleepcap (D:5)
  A troll simulacrum (IceCv)
  An orc (D:5)
  A kobold (Bailey)
11 creatures vanquished.

Grand Total: 888 creatures vanquished

Notes
Turn   | Place    | Note
-------+----------+-------------------------------------------
     0 | D:1      | cdecastro the Troll Fighter began the quest for the Orb.
     0 | D:1      | Reached XP level 1. HP: 22/22 MP: 0/0
    71 | D:1      | Found Yxeutor's Antique Weapon Boutique.
   100 | D:1      | Reached XP level 2. HP: 29/29 MP: 1/1
   144 | D:1      | Found Qewnoeq's Armour Shoppe.
   267 | D:1      | Found Wunom's Magic Scroll Shop.
   287 | D:1      | Bought a scroll of identify for 26 gold pieces
   488 | D:2      | Reached XP level 3. HP: 33/37 MP: 2/2
   620 | D:2      | Reached XP level 4. HP: 46/46 MP: 3/3
   685 | D:2      | Reached skill level 3 in Unarmed Combat
   720 | D:2      | Found a shimmering blue altar of Sif Muna.
  1080 | D:3      | Found a sacrificial altar of Ru.
  1095 | D:3      | Became a worshipper of Ru the Awakened
  1203 | D:3      | Noticed Natasha
  1212 | D:3      | Killed Natasha
  1372 | D:3      | Noticed Natasha
  1378 | D:3      | Killed Natasha
  1379 | D:3      | Reached XP level 5. HP: 52/54 MP: 4/4
  1447 | D:3      | Found a faded altar of an unknown god.
  1713 | D:3      | Noticed Natasha
  1720 | D:3      | Killed Natasha
  1929 | D:4      | Found a glowing drain.
  1938 | Sewer    | Entered a sewer
  1958 | Sewer    | Gained mutation: You cannot study or cast Air magic. [Ru
                  | sacrifice]
  1958 | Sewer    | Gained mutation: You cannot study or cast Hexes magic. [Ru
                  | sacrifice]
  1958 | Sewer    | Gained mutation: You cannot study or cast Conjurations
                  | magic. [Ru sacrifice]
  1958 | Sewer    | Reached * piety under Ru
  1969 | Sewer    | Reached XP level 6. HP: 65/65 MP: 5/5
  2070 | Sewer    | Reached skill level 4 in Unarmed Combat
  2168 | Sewer    | Reached skill level 5 in Fighting
  2500 | D:4      | Noticed Sigmund
  2563 | D:4      | Found a large runed translucent door.
  2563 | D:4      | Found a large runed translucent door.
  2567 | D:4      | Noticed Jakamomo's ghost (amateur OpHu)
  2734 | D:4      | Killed Sigmund
  2735 | D:4      | Reached XP level 7. HP: 62/74 MP: 6/6
  2824 | D:4      | Reached skill level 5 in Unarmed Combat
  2937 | D:5      | Entered Level 5 of the Dungeon
  2961 | D:5      | Found a staircase to the Ecumenical Temple.
  2991 | D:5      | Found a sparkling altar of Nemelex Xobeh.
  3371 | D:5      | Reached XP level 8. HP: 84/84 MP: 7/7
  3465 | D:5      | Noticed Robin
  3518 | Temple   | Entered the Ecumenical Temple
  3717 | D:5      | Killed Robin
  3722 | D:5      | Noticed Ijyb
  3729 | D:5      | Killed Ijyb
  3796 | D:5      | Reached skill level 6 in Unarmed Combat
  4726 | D:6      | Reached skill level 7 in Unarmed Combat
  4726 | D:6      | Reached XP level 9. HP: 89/97 MP: 8/8
  6161 | D:8      | Reached skill level 1 in Armour
  6403 | D:8      | Found Paeniynke's Weapon Boutique.
  6485 | D:8      | Reached skill level 8 in Unarmed Combat
  6510 | D:8      | Found a staircase to the Lair.
  6949 | D:9      | Noticed a kobold demonologist
  6953 | D:9      | Noticed a kobold demonologist
  6954 | D:9      | Reached XP level 10. HP: 91/107 MP: 9/9
  7045 | D:9      | Reached skill level 5 in Armour
  7109 | D:9      | Noticed a two-headed ogre
  7121 | D:9      | Killed a two-headed ogre
  7122 | D:9      | Reached skill level 9 in Unarmed Combat
  7167 | D:9      | Noticed a two-headed ogre
  7185 | D:9      | Killed a two-headed ogre
  7333 | D:9      | Found Huopp's Book Shoppe.
  7503 | D:9      | Identified the +4 robe of the Game of Kings {Regen+ Str+3
                  | Int+4 Dex+2}
  7811 | D:10     | Entered Level 10 of the Dungeon
  7927 | D:10     | Noticed a two-headed ogre
  7928 | D:10     | Found a flagged portal.
  7941 | D:10     | Killed a two-headed ogre
  7942 | D:10     | Reached skill level 10 in Unarmed Combat
  7984 | Bailey   | Entered a bailey
  7992 | Bailey   | Noticed an orc warlord
  8082 | Bailey   | Found a runed translucent gate.
  8084 | Bailey   | Found a runed translucent gate.
  8086 | Bailey   | Found a runed translucent gate.
  8103 | Bailey   | Reached XP level 11. HP: 115/115 MP: 10/10
  8114 | Bailey   | Reached skill level 1 in Throwing
  8193 | Bailey   | Gained mutation: You are hated by all. [Ru sacrifice]
  8193 | Bailey   | Reached ** piety under Ru
  8202 | Bailey   | Reached XP level 12. HP: 123/123 MP: 11/11
  8203 | Bailey   | Reached skill level 11 in Unarmed Combat
  8203 | Bailey   | Reached XP level 13. HP: 131/131 MP: 12/12
  8223 | Bailey   | Identified a scroll of acquirement
  8556 | D:10     | Reached skill level 10 in Fighting
  8556 | D:10     | Reached skill level 12 in Unarmed Combat
  8556 | D:10     | Reached XP level 14. HP: 144/144 MP: 13/13
  8796 | D:10     | Found a staircase to the Orcish Mines.
  9111 | D:10     | Identified the +7 dagger of the Disturbing Quests {freeze,
                  | rPois Str+5 Dex+5}
  9347 | D:11     | Found a transporter.
  9517 | D:11     | Found a gate leading to a gauntlet.
  9541 | Gauntlet | Entered a Gauntlet
  9541 | Gauntlet | Found a transporter.
  9541 | Gauntlet | Found a transporter.
  9547 | Gauntlet | Found a transporter.
  9550 | Gauntlet | Found a transporter.
  9560 | Gauntlet | Found a transporter.
  9626 | Gauntlet | Found a transporter.
  9640 | Gauntlet | Found a transporter.
  9651 | Gauntlet | Found a transporter.
  9661 | Gauntlet | Found a transporter.
  9676 | Gauntlet | Found a transporter.
  9682 | Gauntlet | Found a transporter.
  9707 | Gauntlet | Found a transporter.
  9866 | Gauntlet | Paralysed by a hornet for 3 turns
 10438 | D:11     | Found a transporter.
 10448 | D:11     | Noticed croobank's ghost (journeyman OpSu)
 10788 | D:12     | Noticed Lodul
 10819 | D:12     | Killed Lodul
 10820 | D:12     | Reached skill level 13 in Unarmed Combat
 10832 | D:12     | Gained mutation: You cannot be stealthy. [Ru sacrifice]
 10832 | D:12     | Reached *** piety under Ru
 11080 | D:12     | Noticed Jorgrun
 11089 | D:12     | Killed Jorgrun
 11312 | D:12     | Noticed Rupert
 12155 | D:13     | Gained mutation: You cannot study or use magical devices.
                  | [Ru sacrifice]
 12155 | D:13     | Reached **** piety under Ru
 12155 | D:13     | Reached ***** piety under Ru
 12662 | D:13     | HP: 4/149 [titanic slime creature (66)]
 13077 | D:14     | You fall into a shaft and drop 1 floor!
 13077 | D:15     | Entered Level 15 of the Dungeon
 13077 | D:15     | Found an opulent altar of Gozag.
 13129 | D:15     | Noticed Louise
 13145 | D:15     | Reached skill level 10 in Armour
 13523 | D:14     | Reached XP level 15. HP: 152/156 MP: 14/14
 13543 | D:14     | Reached skill level 14 in Unarmed Combat
 13640 | D:14     | Found a burning altar of Makhleb.
 13788 | D:14     | Found a shimmering blue altar of Sif Muna.
 13814 | D:14     | Identified the +4 short sword of the Final Persimmons
                  | {flame, *Corrode rC+ rN+++ Int-2}
 13886 | D:14     | Found a gate to the Vaults.
 13911 | D:14     | Gained mutation: You are somewhat unskilled. (-1 Apt) [Ru
                  | sacrifice]
 13911 | D:14     | Reduced skill Unarmed Combat to level 13
 13911 | D:14     | Reached ****** piety under Ru
 14361 | D:6      | Noticed Maggie
 14371 | D:6      | Killed Maggie
 14413 | D:4      | Killed Jakamomo's ghost
 14542 | Orc:1    | Entered Level 1 of the Orcish Mines
 15202 | Orc:2    | Entered Level 2 of the Orcish Mines
 15202 | Orc:2    | Found a staircase to the Elven Halls.
 15582 | Orc:2    | Found Avvas's Armour Shop.
 15852 | Orc:2    | Paralysed by an orc sorcerer for 5 turns
 15925 | Orc:2    | Found Guopo's Antique Armour Emporium.
 15931 | Orc:2    | Found Qeetio's Jewellery Boutique.
 15989 | Orc:2    | Found Dicraasm's Armour Shop.
 16457 | Orc:2    | Bought a +5 ring of evasion for 576 gold pieces
 16457 | Orc:2    | Bought a ring of willpower for 400 gold pieces
 16465 | Orc:2    | Bought an amulet of regeneration for 480 gold pieces
 16476 | Orc:2    | Bought a fine cloak for 275 gold pieces
 16476 | Orc:2    | Identified the +1 cloak "Raagh" {Contam MP+9 Int+2 Dex+7}
                  | (You bought it in a shop on level 2 of the Orcish Mines)
 16594 | Lair:1   | Entered Level 1 of the Lair of Beasts
 16624 | Lair:1   | Noticed Sonja
 16632 | Lair:1   | Killed Sonja
 17541 | Lair:2   | Reached skill level 14 in Unarmed Combat
 17546 | Lair:2   | Reached skill level 10 in Throwing
 18159 | Lair:2   | Noticed Gastronok
 18169 | Lair:2   | Killed Gastronok
 18511 | Lair:3   | Found a hole to the Spider Nest.
 18520 | Lair:3   | Identified the ring "Xygemeod" {rPois rN+ Will- Dex+4
                  | Slay+2}
 18585 | Lair:3   | Found a staircase to the Swamp.
 18779 | Lair:3   | Found a snail-covered altar of Cheibriados.
 19265 | Lair:4   | Noticed Kirke
 19358 | Lair:4   | Killed Kirke
 19359 | Lair:4   | Reached XP level 16. HP: 146/162 MP: 15/15
 20434 | D:1      | Bought a scroll of fear for 52 gold pieces
 20434 | D:1      | Bought a scroll of teleportation for 39 gold pieces
 20434 | D:1      | Bought a scroll of brand weapon for 123 gold pieces
 20434 | D:1      | Bought a scroll of noise for 13 gold pieces
 20434 | D:1      | Bought a scroll of vulnerability for 52 gold pieces
 20434 | D:1      | Bought a scroll of enchant armour for 97 gold pieces
 20434 | D:1      | Bought a scroll of magic mapping for 97 gold pieces
 20698 | Lair:5   | Entered Level 5 of the Lair of Beasts
 20720 | Lair:5   | Found a frozen archway.
 20750 | IceCv    | Entered an ice cave
 21812 | Lair:5   | Found a staircase to the Slime Pits.
 21940 | Lair:5   | Identified the ring "Woguen" {Will++ AC+4}
 22009 | Lair:5   | Identified the +8 short sword of the Final Knives {freeze,
                  | Drain rElec rN+ Stlth+}
 22186 | Lair:5   | Reached skill level 5 in Dodging
 22186 | Lair:5   | Reached skill level 15 in Unarmed Combat
 22697 | Lair:5   | Identified the +4 ring mail of Durable Awe {rCorr Slay+2}
 23297 | D:11     | Killed croobank's ghost
 23464 | Elf:1    | Entered Level 1 of the Elven Halls
 23486 | Elf:1    | Paralysed by an air elemental for 1 turns
 23772 | Elf:1    | Found a runed translucent door.
 23984 | Elf:1    | Noticed Agnes
 24002 | Elf:1    | Killed Agnes
 24113 | Elf:1    | Noticed a deep elf blademaster
 24141 | Elf:1    | Killed a deep elf blademaster
 24153 | Elf:1    | Reached XP level 17. HP: 117/166 MP: 16/16
 24212 | Elf:1    | Killed from afar by a deep elf zephyrmancer

Illustrated notes

Levels and vault maps discovered:
D:1:      dpeg_arrival_three_same_balls, layout_rooms, serial_shops, shop, shop,
          shop
D:2:      kb_forest_paths, layout_basic, basic_altar
D:3:      layout_basic, hangedman_ru_absence,
          hellmonk_ecumenical_altar_slurped_away, uniq_natasha
D:4:      black_bear_nest_2, layout_basic, portal_sewer_entry_e,
          ebering_ghost_disaster_area, uniq_sigmund
D:5:      lemuel_ratsnest, layout_basic, lemuel_crystal_altar,
          minmay_temple_entry_mist, grunt_ministairs_4, nicolae_goblin_pals
D:6:      layout_basic, uniq_maggie
D:7:      layout_gridville, eino_small_chamber_without_monster
D:8:      layout_loops_corners, dpeg_oklobed_lair, serial_shops,
          nicolae_shop_statue_plus
D:9:      layout_roguey, serial_shops, shop
D:10:     layout_roguey, zombieorc2_lemuel, enter_bailey_5, the_hattery
D:11:     layout_cave_pools, nzn_ghost_randoct, gauntlet_entry_generic
D:12:     layout_irregular_city, uniq_rupert, uniq_jorgrun, uniq_lodul
D:13:     layout_basic
D:14:     layout_stronghold, david_vaults_2, nicolae_sif_muna_condensation,
          small_statue_intersection, nicolae_nh_vlads_tower
D:15:     gammafunk_depths_entry_grave, layout_loops_corners, serial_shops,
          shop, gammafunk_ghost_fury_of_okawaru, serial_aquarium,
          aquarium_bridge_square [aquarium_subvault_wall,
          aquarium_subvault_bridge, aquarium_subvault_balcony,
          aquarium_subvault_bridge], aquarium_bridge_square
          [aquarium_subvault_bridge, aquarium_subvault_wall,
          aquarium_subvault_bridge, aquarium_subvault_wall], aquarium_window_2,
          aquarium_window_corridor_1, aquarium_window_fake,
          aquarium_window_fake, aquarium_view_2d, grunt_gozag_statues,
          uniq_louise
Temple:   nicolae_temple_slightly_damp_pantheon
Lair:1:   layout_loops_ring, grunt_megastairs_5, uniq_sonja
Lair:2:   layout_roguey, serial_bayou_shore_b, uniq_gastronok
Lair:3:   layout_misc_corridors, minmay_swamp_entry_reptiles,
          spider_nest_entry_webs, kennysheep_snail_temple
Lair:4:   layout_regular_city, uniq_kirke
Lair:5:   minmay_lair_end_enchanted_forest, layout_regular_city,
          dpeg_slime_entry_enclosed, portal_ice_cave_entry_ice_simulacra
Orc:1:    layout_caves
Orc:2:    st_orc_open, layout_caves
Elf:1:    kennysheep_ambush_hall, layout_loops_ring, ebering_ghost_inner_flame,
          minivault_28, uniq_agnes

Skill      XL: |  1  2  3  4  5  6  7  8  9 10 11 12 13 14 15 16 17 |
---------------+----------------------------------------------------+-----
Fighting       | 3 4 5 6 8 9 10 12 11 | 11.1
Unarmed Combat | 3 4 5 7 8 10 11 12 13 14 15 | 15.8
Armour         | 4 7 10 | 10.0
Throwing       | 8 10 11 | 11.3
Shields        | 6 |  6.1
Dodging        | 7 8 |  8.2

Action                     |  1- 3 |  4- 6 |  7- 9 | 10-12 | 13-15 | 16-18 || total
---------------------------+-------+-------+-------+-------+-------+-------++-------
  Melee: Unarmed           |    78 |   208 |   306 |   182 |  1205 |   742 ||  2721
  Throw: Dart              |       |       |     1 |       |       |       ||     1
         Boomerang         |       |       |       |       |     6 |    38 ||    44
         Javelin           |       |       |       |       |     1 |     2 ||     3
 Invoke: Sacrifice Arcana  |       |     1 |       |       |       |       ||     1
         Reject Sacrifices |       |       |     2 |       |     1 |       ||     3
         Sacrifice Love    |       |       |       |     1 |       |       ||     1
         Sacrifice Stealth |       |       |       |       |     1 |       ||     1
         Sacrifice Artific |       |       |       |       |     1 |       ||     1
         Sacrifice Skill   |       |       |       |       |     1 |       ||     1
         Apocalypse        |       |       |       |       |       |     1 ||     1
  Evoke: Wand              |       |       |       |    11 |       |       ||    11
         Phial of floods   |       |       |       |       |     1 |       ||     1
         Condenser vane    |       |       |       |       |     1 |       ||     1
    Use: Scroll            |     2 |     4 |       |     2 |    21 |    10 ||    39
         Potion            |       |       |       |     2 |     2 |     1 ||     5
   Stab: Invisible         |       |       |       |       |    11 |     6 ||    17
         Paralysed         |       |       |       |       |    12 |     2 ||    14
         Distracted        |       |       |       |       |     3 |     2 ||     5
 Armour: Robe              |    26 |    47 |    36 |       |       |       ||   109
         Gold dragon scale |       |       |    54 |   149 |   537 |   297 ||  1037
  Dodge: Dodged            |    24 |    50 |    56 |    17 |   132 |   122 ||   401
  Block: Kite shield       |    30 |    69 |    88 |    90 |   415 |   296 ||   988
         Reflection        |       |       |       |       |       |    10 ||    10
